AoeStats
← 穆哥

Arena

508495279Analyzed
1v1 RM · 11d ago on Sep 22, 2026· 51m 48s· 2 players
Game mode
Random Map
Map size
Tiny (2 player)
Population
200
Speed
Normal
Resources
Standard
Victory
Conquest
Starting age
Dark Age
Ending age
Imperial Age
RankedLock teamsTeams togetherTeam positionsShared explorationLock speedFull tech treeHidden civsTurbo modeCheats
Victory
Defeat
🇨🇴 Cumans · Colombia
1482
+13
🇨🇳 Mongols · China
1425
-13
穆哥
10:09 Feudal Age
14:13 Castle Age
12:58 Double-Bit Axe
21:21 Loom
21:49 Horse Collar
24:20 Stone Mining
27:17 Fletching
28:13 Gold Mining
30:44 Bodkin Arrow
30:49 Padded Archer Armor
32:09 Wheelbarrow
32:28 Leather Archer Armor
36:13 Imperial Age
34:57 Pikeman
36:04 Husbandry
36:39 Bloodlines
37:17 Ballistics
37:44 Bracer
38:25 Scale Mail Armor
41:01 Chemistry
44:27 Parthian Tactics
45:16 Chain Mail Armor
45:13 Forging
LAUTARO
7:31 Loom
9:25 Feudal Age
10:01 Man-at-Arms
10:52 Town Watch
18:03 Double-Bit Axe
24:12 Castle Age
22:21 Horse Collar
24:37 Scale Barding Armor
24:43 Forging
26:02 Bloodlines
25:29 Capped Ram
28:45 Chain Barding Armor
31:56 Bow Saw
32:07 Heavy Plow
33:40 Iron Casting
35:08 Wheelbarrow
38:40 Imperial Age
36:05 Fletching
36:24 Padded Archer Armor
36:46 Ballistics
36:57 Bodkin Arrow
37:56 Leather Archer Armor
38:02 Stone Mining
38:02 Gold Mining
39:56 Ring Archer Armor
40:28 Chemistry
39:53 Siege Ram
40:08 Elite Steppe Lancer
44:51 Steppe Husbandry
46:55 Hoardings
47:27 Elite Skirmisher
48:13 Thumb Ring
51:22 Parthian Tactics
Connection lost

Rejoining the realm…

Still unreachable

The connection could not be restored.

Session expired

The server has moved on; the page needs a fresh start.